 Dungeon Crawl Stone Soup version 0.16-a0-3369-g3e5b539 (webtiles) character file.

221427 Econoterrorist the Brawler (level 18, -19/139 HPs)
             Began as a Troll Monk on Dec 29, 2014.
             Was the Champion of Okawaru.
             Killed from afar by a Hell Sentinel (54 damage)
             ... with an iron shot
             ... on level 1 of the Abyss on Dec 30, 2014.
             The game lasted 04:03:31 (41685 turns).

Econoterrorist the Brawler (Troll Monk)            Turns: 41685, Time: 04:03:35

Health: -19/139    AC: 16    Str: 25    XL:     18   Next: 50%
Magic:  27/27      EV: 16    Int:  8    God:    Okawaru [******]
Gold:   1768       SH: 13    Dex: 10    Spells: 4 memorised, 9 levels left

rFire  + + +     SeeInvis +       - Unarmed
rCold  + . .     Clarity  .     e - +2 fire dragon armour
rNeg   . . .     SustAb   .     R - +2 shield "Sapiej" {Slay+6}
rPois  .         Gourm    +     F - +2 hat {SInv}
rElec  .         Spirit   .     y - +0 cloak
rCorr  .         Warding  .     (gloves unavailable)
rMut   .         Stasis   .     (boots unavailable)
MR     +....                    (no amulet)
Stlth  +.........               A - +6 ring of evasion
                                p - ring of Jetitoi Necw {rF+ rC++ Str+3 Stlth+}

@: somewhat resistant to hostile enchantments, very unstealthy
A: unfitting armour, claws 3, talons 1, blurry vision 1, clumsy 1, deformed
body, dopey 2, fast metabolism 3, frail 2, gourmand, regeneration 2, shaggy fur
1, tough skin 2, weak 1, MP-powered wands 1
a: Heroism, Finesse, Renounce Religion
}: 1/15 runes: gossamer


You were on level 1 of the Abyss.
You worshipped Okawaru.
Okawaru was exalted by your worship.
You were very full.

You visited 7 branches of the dungeon, and saw 38 of its levels.
You visited the Abyss 1 time.
You also visited: Sewer, Ice Cave and Volcano.

You collected 4451 gold pieces.
You spent 2683 gold pieces at shops.

Inventory:

Missiles
 f - 35 large rocks (quivered)
Armour
 e - a +2 fire dragon armour (worn)
 y - a +0 cloak (worn)
 F - a +2 hat of see invisible (worn)
 R - the +2 shield "Sapiej" (worn) {Slay+6}
   (You found it on level 8 of the Lair of Beasts)

   It affects your accuracy and damage with ranged weapons and melee attacks
   (+6).
Rods
 w - a +7 rod of ignition (17/17)
   (You bought it in a shop on level 4 of the Orcish Mines)
Jewellery
 h - an uncursed ring of poison resistance
 p - the ring of Jetitoi Necw (left claw) {rF+ rC++ Str+3 Stlth+}
   (You bought it in a shop on level 4 of the Orcish Mines)

   [ring of stealth]

   It affects your strength (+3).
   It protects you from fire.
   It greatly protects you from cold.
   It makes you more stealthy.
 z - an uncursed ring of fire
 A - a +6 ring of evasion (right claw)
Magical devices
 r - a wand of frost (19)
 H - a wand of frost (37)
 J - a wand of digging (15)
 K - a wand of digging (18)
 M - a wand of heal wounds (3)
 O - a wand of draining (2)
 T - a wand of flame (39)
 W - a wand of lightning (4)
Scrolls
 c - 17 scrolls of teleportation
 d - 16 scrolls of remove curse
 m - a scroll of blinking
 q - 4 scrolls of fog
 u - 6 scrolls of identify
 x - 2 scrolls of summoning
 B - 2 scrolls of fear
 D - 4 scrolls of magic mapping
 G - 2 scrolls of silence
Potions
 a - 5 potions of restore abilities
 g - 19 potions of curing
 k - 7 potions of might
 l - 6 potions of haste
 n - 4 potions of invisibility
 s - 4 potions of heal wounds
 t - 5 potions of brilliance
 v - 2 potions of berserk rage
 C - 2 potions of lignification
 I - 4 potions of resistance
Books
 o - a book of Cantrips

   Spells                             Type                      Level
   a - Corona                         Hexes                        1
   b - Animate Skeleton               Necromancy                   1
   c - Summon Small Mammal            Summoning                    1
   d - Apportation                    Translocation                1
Comestibles
 b - 21 meat rations
 j - 21 bread rations
 E - 32 royal jellies
 N - a slice of pizza
 P - 16 fruits
 V - 4 beef jerkies


   Skills:
 - Level 10.0 Fighting
 - Level 4.3 Maces & Flails
 - Level 5.0 Throwing
 - Level 10.0 Armour
 - Level 8.0 Dodging
 - Level 1.1 Stealth
 - Level 9.1 Shields
 + Level 20.2 Unarmed Combat
 - Level 5.1 Charms
 - Level 5.0 Air Magic
 - Level 10.0 Evocations


You had 9 spell levels left.
You knew the following spells:

 Your Spells              Type           Power        Failure   Level  Hunger
a - Apportation           Tloc           #.........   71%         1    ##.....
b - Repel Missiles        Chrm/Air       #.....       14%         2    ###....
c - Swiftness             Chrm/Air       #.......     14%         2    ###....
d - Flight                Chrm/Air       #.........   28%         3    ####...


Dungeon Overview and Level Annotations

Branches:
Dungeon (15/15)            Temple (0/1) D:7            Lair (8/8) D:11
 Shoals (4/5) Lair:3       Spider (5/5) Lair:5        Slime (0/6) Lair:6
    Orc (4/4) D:9             Elf (1/3) Orc:3        Vaults (1/5) D:13
 Depths (0/5) D:15

Altars:
Ashenzari
Dithmenos
Elyvilon
Fedhas
Gozag
Kikubaaqudgha
Makhleb
Nemelex Xobeh
Okawaru
Ru
Sif Muna
Xom
Zin
Beogh

Shops:
D:4 }   D:8 *   D:12 *   D:14 ?:?*   Orc:1 *   Orc:2 ?   Orc:4 }=(=
Shoals:3 (

Annotations:
Lair:8 runed door
Shoals:4 Louise, Mara, Polyphemus


Innate Abilities, Weirdness & Mutations

You are too large for most types of armour.
You have claws for hands.
Your metabolism is lightning-fast.
You like to eat raw meat.
You heal very quickly.
You are covered in fur (AC +1).
You have very tough skin (AC +2).
You have sharp toenails.
[Scrolls take you a little longer to read.]
[You are clumsy. (Dex -2)]
[Armour fits poorly on your strangely shaped body.]
[You are very dopey. (Int -4)]
[You are very frail (-20% HP).]
[You are weak. (Str -2)]
[You expend magic power (6 MP) to slightly strengthen your wands.]


Message History

You claw the Hell Sentinel!
You claw the Hell Sentinel, but do no damage.
The Hell Sentinel is moderately wounded.
You block the Hell Sentinel's attack. The Hell Sentinel barely misses you.
You are struck by the Hell Sentinel's spines.
You claw the Hell Sentinel!
You claw the Hell Sentinel, but do no damage.
The Hell Sentinel is heavily wounded.
The Hell Sentinel closely misses you. x2
You mangle the Hell Sentinel!!
The Hell Sentinel is heavily wounded.
The chaos spawn briefly grows a face disturbingly similar to your own.
You are struck by the Hell Sentinel's spines.
* * * LOW HITPOINT WARNING * * *
You mangle the Hell Sentinel!!
You claw the Hell Sentinel, but do no damage.
The Hell Sentinel is severely wounded.
The Hell Sentinel gestures at you. The iron shot hits you!
You die...

##.###..##..##
#.... #.....#
##...###...###.
#.....#.....#...
...................
.. ................
............3......
. .....#.....#...
##...###@..###.
#.... #1....#
................
...............
...............
....#.3...#..
..###...### . .....
...


You could see a Hell Sentinel, a smoke demon and a chaos spawn.

Vanquished Creatures
  Arachne (Spider:3)
  2 krakens
  An octopode crusher (Shoals:2)
  Kirke (D:15)
  Donald (Shoals:1)
  Maud (Lair:8)
  6 ghost moths
  5 emperor scorpions
  Gastronok (D:8)
  Jorgrun (Spider:3)
  A very ugly thing (Abyss:1)
  A deep elf demonologist (Elf:1)
  A deep elf annihilator (Elf:1)
  A merfolk javelineer (Shoals:4)
  A fire dragon (D:14)
  A fire dragon (shapeshifter) (D:11)
  2 merfolk impalers
  4 vault guards (D:13)
  A yaktaur captain (D:15)
  Fannar (Lair:5)
  6 hydras
  An ice dragon (Lair:8)
  Harold (Lair:8)
  5 centaur warriors
  A merfolk avatar (Shoals:4)
  3 ogre magi
  A catoblepas (Lair:7)
  9 sea snakes
  An ice devil (IceCv)
  A wretched star (Abyss:1)
  4 deep elf knights (Elf:1)
  3 skeletal warriors (D:14)
  7 deep elf summoners (Elf:1)
  2 lindwurms
  5 unseen horrors
  2 deep trolls (Orc:4)
  2 ice statues (IceCv)
  8 hill giants
  Pikel (D:4)
  15 harpies
  6 deep elf conjurers (Elf:1)
  3 orc knights
  12 griffons
  16 ugly things
  4 water nymphs
  An orc sorcerer (Orc:3)
  17 orb spiders
  2 moths of wrath
  42 wolf spiders
  7 cyclopes
  5 elephants (Lair:5)
  A worldbinder (Abyss:1)
  7 black mambas
  6 manticores
  A sixfirhy (Elf:1)
  2 red wasps (Spider:1)
  Maurice (Orc:1)
  3 centaur zombies
  3 gargoyles
  3 sirens
  3 centaur skeletons
  13 spiny frogs
  7 torpor snails
  Psyche (D:9)
  2 kobold demonologists (D:12)
  2 smoke demons
  25 demonic crawlers
  7 komodo dragons
  6 deep elf priests (Elf:1)
  2 red devils (Volcano)
  An efreet (D:14)
  2 yaktaurs
  A queen bee (D:10)
  6 fire drakes
  3 giant leeches (Lair:8)
  A wind drake (Shoals:2)
  22 merfolk
  A freezing wraith (D:13)
  8 polar bears (Lair:8)
  10 trolls
  5 blue devils (IceCv)
  9 two-headed ogres
  38 jumping spiders
  19 blink frogs
  Prince Ribbit (D:4)
  2 slime creatures
  2 boulder beetles
  2 shadows
  32 tarantellas
  7 snapping turtles
  16 trapdoor spiders
  3 wraiths
  2 basilisks
  A small abomination (Abyss:1)
  9 deep elf magi
  42 redbacks
  A wyvern (Lair:8)
  2 water elementals
  42 yaks
  Eustachio (D:10)
  5 deep elf fighters (Elf:1)
  A steam dragon (D:10)
  Grum (Orc:1)
  A hog (D:15)
  10 vampire mosquitoes
  15 hippogriffs
  17 water moccasins
  4 hungry ghosts
  26 wolves
  Edmund (D:4)
  A mottled dragon (D:13)
  7 hell hounds
  2 soldier ants (D:8)
  10 wargs
  8 porcupines
  5 yellow wasps
  7 ice beasts
  20 spiders
  An eye of draining (D:15)
  2 phantoms
  14 black bears
  23 orc warriors
  3 sky beasts
  A slave (D:4)
  23 centaurs
  2 necrophages
  4 boggarts (D:15)
  6 boring beetles
  Duvessa (D:6)
  23 ogres
  20 crocodiles
  8 big kobolds
  Blork the orc (D:9)
  23 giant frogs
  5 brain worms
  A gnoll sergeant (Orc:4)
  A wyvern zombie (D:11)
  2 wyvern skeletons
  A water moccasin zombie (D:5)
  8 scorpions
  34 killer bees
  A quasit (D:12)
  16 wights
  3 electric eels
  Dowan (D:6)
  10 crimson imps
  3 giant frog zombies
  19 hounds
  Crazy Yiuf (D:4)
  27 orc priests
  3 giant frog skeletons
  10 jellies
  41 orc wizards
  15 worker ants
  Natasha (thrice) (D:6)
  5 iguanas
  9 hell rats
  22 sheep
  2 hound skeletons
  3 hound zombies
  Terence (D:2)
  2 mummies
  2 worker ant zombies
  47 adders
  49 river rats
  8 gnolls
  A giant mite (Sewer)
  A shadow imp (D:5)
  18 worms
  8 ufetubi (IceCv)
  8 white imps (IceCv)
  3 adder skeletons
  An adder zombie (D:7)
  7 oozes
  182 orcs
  22 bats
  15 goblins
  24 hobgoblins
  10 jackals
  10 quokkas
  11 ball pythons
  7 giant cockroaches
  5 giant geckos
  A giant gecko zombie (D:7)
  8 giant newts
  A giant spore (D:13)
  40 kobolds
  22 rats
  3 ballistomycetes (D:13)
  A butterfly (D:7)
  A fungus (Lair:6)
  4 plants
  7 tentacles
  A tentacle segment (Shoals:1)
1686 creatures vanquished.

Vanquished Creatures (others)
  3 drowned souls (Shoals:4)
  A spider (Spider:2)
  A hell rat (Elf:1)
  A white imp (IceCv)
  3 fungi
  3 plants (Lair:8)
  14 tentacles
  808 tentacle segments
834 creatures vanquished.

Grand Total: 2520 creatures vanquished

Notes
Turn   | Place    | Note
--------------------------------------------------------------
     0 | D:1      | Econoterrorist, the Troll Monk, began the quest for the Orb.
     0 | D:1      | Reached XP level 1. HP: 22/22 MP: 1/1
   222 | D:1      | Reached XP level 2. HP: 29/29 MP: 1/1
   999 | D:2      | Reached skill level 5 in Unarmed Combat
   999 | D:2      | Reached XP level 3. HP: 36/36 MP: 2/2
  1089 | D:2      | Found an iron altar of Okawaru.
  1096 | D:2      | Became a worshipper of Warmaster Okawaru
  1096 | D:2      | Acquired Okawaru's first power
  1293 | D:2      | Reached XP level 4. HP: 42/44 MP: 2/2
  1379 | D:2      | Reached skill level 6 in Unarmed Combat
  1613 | D:2      | Noticed Terence
  1621 | D:2      | Killed Terence
  1844 | D:3      | Reached XP level 5. HP: 50/50 MP: 2/2
  1912 | D:3      | Found a sacrificial altar of Ru.
  1918 | D:3      | Found a glowing drain.
  1950 | Sewer    | Entered a sewer
  1975 | Sewer    | Reached skill level 7 in Unarmed Combat
  2113 | Sewer    | Reached XP level 6. HP: 15/59 MP: 3/3
  2279 | Sewer    | Reached skill level 8 in Unarmed Combat
  2282 | Sewer    | Reached XP level 7. HP: 61/66 MP: 3/3
  3209 | D:4      | Found a sacrificial altar of Ru.
  3231 | D:4      | Noticed Pikel
  3253 | D:4      | Killed Pikel
  3253 | D:4      | Reached skill level 10 in Unarmed Combat
  3253 | D:4      | Reached XP level 8. HP: 30/74 MP: 3/3
  3475 | D:4      | Found Yzaynli's Gadget Boutique.
  3483 | D:4      | Found a deep blue altar of Sif Muna.
  3685 | D:4      | Noticed Prince Ribbit
  3715 | D:4      | Killed Prince Ribbit
  3715 | D:4      | Reached skill level 11 in Unarmed Combat
  3973 | D:4      | Noticed Crazy Yiuf
  3978 | D:4      | Killed Crazy Yiuf
  4281 | D:4      | Noticed Edmund
  4285 | D:4      | Killed Edmund
  4699 | D:5      | Entered Level 5 of the Dungeon
  4781 | D:5      | Reached XP level 9. HP: 66/84 MP: 4/4
  5044 | D:5      | Found a blossoming altar of Fedhas.
  5109 | D:5      | Found a shimmering altar of Xom.
  5319 | D:5      | Found a burning altar of Makhleb.
  5375 | D:6      | Noticed Duvessa
  5375 | D:6      | Noticed Dowan
  5393 | D:6      | Killed Duvessa
  5393 | D:6      | Reached skill level 1 in Shields
  5407 | D:6      | Killed Dowan
  5999 | D:6      | Noticed Natasha
  6005 | D:6      | Killed Natasha
  6257 | D:6      | Noticed Natasha
  6260 | D:6      | Killed Natasha
  6323 | D:6      | Noticed Natasha
  6325 | D:6      | Killed Natasha
  6522 | D:6      | Found an iron altar of Okawaru.
  6821 | D:7      | Reached skill level 5 in Shields
  7047 | D:7      | Found a white marble altar of Elyvilon.
  7061 | D:7      | Found a shattered altar of Ashenzari.
  7133 | D:7      | Found a staircase to the Ecumenical Temple.
  7165 | D:7      | Acquired Okawaru's second power
  7217 | D:7      | HP: 2/85 [orc priest/divine providence (13)]
  7545 | D:8      | Found a shadowy altar of Dithmenos.
  7578 | D:8      | Reached XP level 10. HP: 94/94 MP: 4/4
  7705 | D:8      | Reached skill level 5 in Fighting
  7804 | D:8      | Reached skill level 5 in Dodging
  8053 | D:8      | Found a sparkling altar of Nemelex Xobeh.
  8133 | D:8      | Noticed Gastronok
  8157 | D:8      | Killed Gastronok
  8157 | D:8      | Received a gift from Okawaru
  8228 | D:8      | Reached skill level 1 in Maces & Flails
  8277 | D:8      | Found Gozag's Nutrition Petition.
  8287 | D:8      | Found an opulent altar of Gozag.
  8685 | D:9      | Noticed Blork the orc
  8691 | D:9      | Killed Blork the orc
  8795 | D:9      | Found a white marble altar of Elyvilon.
  8946 | D:9      | Found a staircase to the Orcish Mines.
  9050 | D:9      | Upgraded the game from 0.16-a0-3338-g714714c to 0.16-a0-3369-g3e5b539
  9106 | D:9      | Found an ancient bone altar of Kikubaaqudgha.
  9235 | D:9      | Reached XP level 11. HP: 107/107 MP: 4/4
  9351 | D:9      | Noticed Psyche
  9371 | D:9      | Killed Psyche
  9845 | D:10     | Entered Level 10 of the Dungeon
  9980 | D:10     | Noticed a hill giant
  9989 | D:10     | Killed a hill giant
 10213 | D:10     | Noticed Eustachio
 10225 | D:10     | Killed Eustachio
 10620 | D:10     | Received a gift from Okawaru
 10677 | D:10     | Got a transparent quarterstaff {god gift}
 10727 | D:10     | Reached skill level 12 in Unarmed Combat
 10787 | D:10     | Noticed a hill giant
 10798 | D:10     | Killed a hill giant
 11111 | D:11     | Found a staircase to the Lair.
 11226 | D:11     | Noticed an unseen horror
 11238 | D:11     | Killed an unseen horror
 11571 | D:11     | Received a gift from Okawaru
 11575 | D:11     | Noticed a satyr
 11575 | D:11     | a slime creature changed into a satyr
 11580 | D:11     | Noticed a fire dragon
 11580 | D:11     | a satyr changed into a fire dragon
 11600 | D:11     | Killed a fire dragon
 11894 | D:11     | Noticed a hill giant
 11902 | D:11     | Killed a hill giant
 11902 | D:11     | Reached XP level 12. HP: 119/119 MP: 5/5
 12061 | D:12     | Reached skill level 13 in Unarmed Combat
 12204 | D:12     | Received a gift from Okawaru
 12240 | D:12     | Found Qedeurea's Assorted Antiques.
 12248 | D:12     | Bought a scroll of identify for 58 gold pieces
 12248 | D:12     | Bought a bubbling brown potion for 26 gold pieces
 12255 | D:12     | Learned a level 1 spell: Apportation
 12377 | D:12     | Reached skill level 1 in Evocations
 12771 | D:13     | Found a gate to the Vaults.
 12771 | D:13     | Noticed a vault guard
 12771 | D:13     | Noticed a vault guard
 12771 | D:13     | Noticed a vault guard
 12771 | D:13     | Noticed a vault guard
 12782 | D:13     | Killed a vault guard
 12789 | D:13     | Killed a vault guard
 12793 | D:13     | Killed a vault guard
 12812 | D:13     | Reached skill level 14 in Unarmed Combat
 12843 | D:13     | Killed a vault guard
 13363 | D:13     | Reached skill level 5 in Evocations
 13399 | D:13     | Noticed a centaur warrior
 13413 | D:13     | Killed a centaur warrior
 13458 | D:13     | Reached XP level 13. HP: 127/127 MP: 15/15
 13468 | D:13     | Found an iron altar of Okawaru.
 13905 | D:13     | Received a gift from Okawaru
 13905 | D:13     | Reached skill level 15 in Unarmed Combat
 13998 | Lair:1   | Entered Level 1 of the Lair of Beasts
 14077 | Lair:1   | Reached skill level 1 in Throwing
 15029 | Lair:2   | Received a gift from Okawaru
 15871 | Lair:3   | Found a dark tunnel.
 15886 | Volcano  | Entered a volcano
 16077 | Lair:3   | Reached skill level 5 in Throwing
 16098 | Lair:3   | Found a frozen archway.
 16106 | IceCv    | Entered an ice cave
 16570 | IceCv    | Got a warped ice dragon armour
 16581 | IceCv    | Identified the +5 ice dragon armour of Generosity {rF- rC++ Str-3 Dex+3} (You found it in an ice cave)
 17216 | Lair:3   | Got a sparkling tin amulet
 17218 | Lair:3   | Identified the amulet "Hyafo" {rC- Regen} (You found it on level 3 of the Lair of Beasts)
 17233 | Lair:3   | Found a staircase to the Shoals.
 17411 | Lair:4   | Found a staircase to the Snake Pit.
 18283 | Lair:5   | Received a gift from Okawaru
 18557 | Lair:5   | Reached XP level 14. HP: 118/136 MP: 17/18
 19157 | Lair:5   | Noticed Fannar
 19176 | Lair:5   | Killed Fannar
 19287 | Lair:5   | Found a hole to the Spider Nest.
 19704 | Lair:6   | Learned a level 2 spell: Repel Missiles
 19707 | Lair:6   | Learned a level 2 spell: Swiftness
 19859 | Lair:6   | Reached skill level 1 in Charms
 19870 | Lair:6   | Reached skill level 1 in Air Magic
 20051 | Lair:6   | Found a staircase to the Slime Pits.
 21009 | Lair:7   | Received a gift from Okawaru
 21025 | Lair:7   | Got a creamy pearl robe {god gift}
 21036 | Lair:7   | Identified the -5 robe "Theik" {Str-3} (Okawaru gifted it to you on level 7 of the Lair of Beasts)
 21985 | Lair:7   | Reached skill level 1 in Armour
 22392 | Lair:8   | Entered Level 8 of the Lair of Beasts
 23082 | Lair:8   | Reached skill level 5 in Armour
 23163 | Lair:8   | Got a warped shield
 23174 | Lair:8   | Identified the +2 shield "Sapiej" {Slay+6} (You found it on level 8 of the Lair of Beasts)
 23254 | Lair:8   | Reached XP level 15. HP: 139/143 MP: 22/22
 23327 | Lair:8   | Learned a level 3 spell: Flight
 23769 | Lair:8   | Found a runed door.
 23809 | Lair:8   | Received a gift from Okawaru
 24051 | Lair:8   | Noticed Maud
 24059 | Lair:8   | Killed Maud
 24177 | Lair:8   | Noticed Harold
 24189 | Lair:8   | Killed Harold
 24189 | Lair:8   | Received a gift from Okawaru
 24639 | Orc:1    | Entered Level 1 of the Orcish Mines
 24639 | Orc:1    | Noticed Grum
 24646 | Orc:1    | Killed Grum
 24669 | Orc:1    | Found a roughly hewn altar of Beogh.
 24964 | Orc:1    | Found Ghoxa's General Store.
 24972 | Orc:1    | Bought a scroll of teleportation for 48 gold pieces
 25370 | Orc:2    | Received a gift from Okawaru
 25625 | Orc:1    | Noticed Maurice
 25634 | Orc:1    | Killed Maurice
 25987 | Orc:3    | Found a roughly hewn altar of Beogh.
 26213 | Orc:3    | Found a staircase to the Elven Halls.
 26389 | Orc:2    | Found a glowing silver altar of Zin.
 26495 | Orc:2    | Found Jicuwk's Magic Scroll Boutique.
 26504 | Orc:2    | Bought a scroll of enchant armour for 105 gold pieces
 26504 | Orc:2    | Bought a scroll of magic mapping for 49 gold pieces
 26504 | Orc:2    | Bought a scroll of blinking for 105 gold pieces
 26614 | Orc:4    | Entered Level 4 of the Orcish Mines
 26854 | Orc:4    | Found Goanlo's Gadget Shop.
 27026 | Orc:4    | Found Jeah's Antique Weapon Boutique.
 27027 | Orc:4    | Found Ucriaror's Jewellery Emporium.
 27055 | Orc:4    | Found Smiucudghut's Jewellery Shop.
 27125 | Orc:4    | Bought an uncursed ring of poison resistance for 240 gold pieces
 27125 | Orc:4    | Bought the ring of Jetitoi Necw {rF+ rC++ Str+3 Stlth+} for 663 gold pieces
 27146 | Orc:4    | Bought a +0 rod of ignition (13/13) for 1350 gold pieces
 27571 | Elf:1    | Entered Level 1 of the Elven Halls
 27580 | Elf:1    | Reached skill level 10 in Armour
 27693 | Elf:1    | Got an ancient robe
 27886 | Elf:1    | Gained mutation: [You are weak. (Str -2)] [a neqoxec]
 28159 | Elf:1    | Received a gift from Okawaru
 28553 | Elf:1    | Identified the Reference Book on Confrontation
 28923 | Lair:1   | Identified the +0 robe of the Blessed Realm {Str-2 Int-4} (You found it on level 1 of the Elven Halls)
 29042 | Shoals:1 | Entered Level 1 of the Shoals
 29061 | Shoals:1 | Noticed a kraken
 29300 | Spider:1 | Entered Level 1 of the Spider Nest
 29329 | Spider:1 | Reached skill level 16 in Unarmed Combat
 29424 | Spider:1 | Reached XP level 16. HP: 128/152 MP: 23/23
 29620 | Spider:1 | Received a gift from Okawaru
 30764 | Spider:2 | Reached skill level 17 in Unarmed Combat
 31737 | Spider:3 | Noticed Jorgrun
 31760 | Spider:3 | Killed Jorgrun
 32121 | Spider:3 | Reached skill level 18 in Unarmed Combat
 32482 | Spider:4 | Received a gift from Okawaru
 32493 | Spider:4 | Noticed Arachne
 32818 | Spider:3 | Killed Arachne
 33425 | Spider:4 | Reached skill level 10 in Fighting
 33587 | Spider:5 | Entered Level 5 of the Spider Nest
 33671 | Spider:5 | Reached XP level 17. HP: 166/166 MP: 23/23
 34110 | Spider:4 | Received a gift from Okawaru
 34111 | Spider:4 | Got a crystal broad axe {god gift}
 34693 | Spider:5 | Reached skill level 5 in Charms
 34960 | Spider:5 | Reached skill level 5 in Air Magic
 35148 | Spider:5 | Got a gossamer rune of Zot
 35760 | D:14     | Received a gift from Okawaru
 35823 | D:14     | Found Mies' Book Shop.
 35942 | D:14     | Found Nymomn's Magic Scroll Shop.
 35968 | D:14     | Bought a scroll of teleportation for 39 gold pieces
 36278 | Vaults:1 | Entered Level 1 of the Vaults
 36420 | D:14     | Found Lammaf's General Store.
 36422 | D:14     | Found Meopa's Magic Scroll Boutique.
 36782 | D:15     | Entered Level 15 of the Dungeon
 37084 | D:15     | Reached skill level 10 in Evocations
 37529 | D:15     | Found a glowing silver altar of Zin.
 37573 | D:15     | Found a staircase to the Depths.
 37639 | D:15     | Noticed Kirke
 37648 | D:15     | Killed Kirke
 38176 | Shoals:1 | Killed a kraken
 38835 | Shoals:1 | Reached XP level 18. HP: 174/174 MP: 27/27
 38836 | Shoals:1 | Noticed Donald
 38848 | Shoals:1 | Killed Donald
 38848 | Shoals:1 | Received a gift from Okawaru
 39015 | Shoals:1 | Reached skill level 19 in Unarmed Combat
 39756 | Shoals:2 | Received a gift from Okawaru
 40198 | Lair:1   | Lost mutation: [You are weak. (Str -2)] [potion of cure mutation]
 40199 | Lair:1   | Gained mutation: You have sharp toenails. [potion of beneficial mutation]
 40473 | Shoals:3 | Found Ymna's Antique Weapon Shop.
 41062 | Shoals:4 | Noticed Mara
 41068 | Shoals:4 | Noticed Econoterrorist's illusion
 41354 | Shoals:4 | Reached skill level 20 in Unarmed Combat
 41563 | Shoals:4 | Noticed Polyphemus
 41564 | Shoals:4 | Noticed Louise
 41565 | Shoals:4 | Cast into the Abyss (Louise)
 41565 | Abyss:1  | Found a corrupted altar of Lugonu.
 41685 | Abyss:1  | Killed from afar by a Hell Sentinel

Action                   |  1- 3 |  4- 6 |  7- 9 | 10-12 | 13-15 | 16-18 || total
-------------------------+-------+-------+-------+-------+-------+-------++-------
Melee: Unarmed           |   106 |   145 |   430 |   878 |  2243 |  1757 ||  5559
Throw: Large rock        |       |       |       |       |     9 |       ||     9
 Cast: Repel Missiles    |       |       |       |       |     4 |     5 ||     9
       Flight            |       |       |       |       |       |     2 ||     2
Invok: Heroism           |       |       |     2 |     1 |       |     1 ||     4
Evoke: Wand              |       |       |     1 |     1 |    37 |     2 ||    41
       Rod               |       |       |       |       |       |    15 ||    15
  Use: Scroll            |     4 |       |       |    24 |     9 |    15 ||    52
       Potion            |       |     2 |     4 |     1 |     5 |    11 ||    23
 Stab: Sleeping          |     2 |       |       |     2 |       |       ||     4
       Distracted        |       |       |     2 |       |       |       ||     2
  Eat: Chunk             |    17 |     9 |    48 |    55 |   141 |   122 ||   392
       Beef jerky        |       |       |       |       |     2 |       ||     2
